 Dungeon Crawl Stone Soup version 0.31-a0-744-gbc345e7fcb (webtiles) character file.

Game seed: 15177219361277808860

2590 GordonOverkill the Basher (level 9, -22/55 HPs)
             Began as a Tengu Delver on Sept 13, 2023.
             Was an Initiate of Gozag.
             Annihilated by an ogre
             ... wielding a +0 giant club
              (77 damage)
             ... on level 7 of the Dungeon.
             The game lasted 00:10:42 (6528 turns).

GordonOverkill the Basher (Tengu Delver)            Turns: 6528, Time: 00:10:42

Health: -22/55     AC: 10    Str: 22    XL:     9   Next: 58%
Magic:  10/10      EV:  2    Int: 11    God:    Gozag
Gold:   845        SH:  0    Dex: 16    Spells: 8/8 levels left

rFire   . . .        k - +2 morningstar (venom)
rCold   . . .        (no shield)
rNeg    . . .        r - +0 chain mail
rPois   .            (helmet restricted)
rElec   .            (no cloak)
rCorr   .            f - +1 pair of gloves
SInv    .            (boots unavailable)
Will    .....        (no amulet) Stlth
                     p - +6 ring of strength
HPRegen 0.29/turn    (no ring)
MPRegen 0.12/turn

%: acrobat
@: sleeping, flying
A: beak, talons 3, evasive flight, acrobatic
a: Renounce Religion, Potion Petition, Call Merchant, Bribe Branch


You were on level 7 of the Dungeon.
You worshipped Gozag.
Gozag was pleased with you.
You visited 1 branch of the dungeon, and saw 8 of its levels.

You collected 1029 gold pieces.
You paid 184 gold pieces to Gozag.

Inventory:

Hand Weapons
 k - a +2 morningstar of venom (weapon)
Missiles
 a - 5 boomerangs
 j - 4 poisoned darts
 v - 6 atropa-tipped darts (quivered)
Armour
 f - a +1 pair of gloves (worn)
 r - a +0 chain mail (worn)
Jewellery
 d - a ring of protection from cold
 p - a +6 ring of strength (left hand)
Wands
 g - a wand of digging (9)
 t - a wand of iceblast (11)
Scrolls
 c - a scroll of fog
 l - a scroll of brand weapon {unknown}
 m - a scroll of revelation
 n - a scroll of immolation {unknown}
 q - 5 scrolls of teleportation
 s - a scroll of enchant weapon {unknown}
 u - 2 scrolls of poison {unknown}
 w - a scroll of vulnerability {unknown}
 x - a scroll of identify
Potions
 b - 3 potions of curing {unknown}
 e - a potion of heal wounds
 h - a potion of magic
 i - 3 potions of haste
 o - a potion of lignification
 z - a potion of ambrosia {unknown}


   Skills:
 + Level 6.2 Fighting
 - Level 4.0 Short Blades
 - Level 12.0 Maces & Flails
 - Level 2.1 Dodging
 - Level 5.0 Stealth


You had 8 spell levels left.
You didn't know any spells.
Your spell library contained the following spells:

 Spells                   Type           Power      Damage    Failure   Level
 Kiss of Death            Conj/Necr      0%         2d5       95%         1
 Poisonous Vapours        Pois/Air       0%         N/A       99%         2
 Confusing Touch          Hex            0%         N/A       100%        3
 Mephitic Cloud           Conj/Pois/Air  0%         N/A       100%        3
 Dispel Undead            Necr           0%         3d6       100%        4
 Freezing Cloud           Conj/Ice/Air   0%         6-21      100%        5


Dungeon Overview and Level Annotations

Branches:
Dungeon (8/15)
 Temple: D:4-7         Lair: D:8-11

Altars:
Gozag
The Shining One


Innate Abilities, Weirdness & Mutations

You have a beak for a mouth.
You have claws for feet.
Your magical flight helps you evade attacks. (EV +4)
You can magically evade attacks while moving or waiting.


Message History

12 gold pieces; a +0 whip; a +0 dagger You sock the orc!
You kill the orc!
No target in view!
You now have 833 gold pieces (gained 4).
You see here a +0 short sword.
You now have 845 gold pieces (gained 12).
Things that are here:
a +0 whip; a +0 dagger You see here a +0 short sword.
An ogre comes into view. It is wielding a +0 giant club.
You see here an emerald potion.
An ogre is nearby!
An ogre is nearby!
An ogre is nearby!
An ogre is nearby!
An orc comes into view. It is wielding a +0 war axe.
The ogre shouts!
You hear a shout!
The orc moves out of view.
An orc and a sleepcap come into view.
Found a scroll of teleportation.
z - an emerald potion Unknown command.
Unknown command.
Unknown command.
You hit the sleepcap. You claw the sleepcap.
You peck the sleepcap, but do no damage.
You punch the sleepcap.
The sleepcap is moderately damaged.
The sleepcap barely misses you.
You puncture the sleepcap! You claw the sleepcap.
You peck the sleepcap, but do no damage.
The sleepcap is severely damaged.
The sleepcap releases spores at you.
You are engulfed in a cloud of soporific spores!
You fall asleep.
The ogre hits you with a +0 giant club!!!!
Ouch! That really hurt!
You die...
Your body crumbles into a pile of gold.

#)##.##....#.##.#.#
#)##.##..#....#.#.#
#.##.##...<#..#.#.#
#.##.###.#.#..#.#
#.##.# #.#.#..#.#
#.##.###.#.#..#
#.#......#.#..#
#.########.#..#
#....@Ofoo.#..#
#########..#..#
#..#..# #f.##.#
#..####.#
#######Oo......
........#####.#
#######..#
#....≈§≈.?.#


You could see an ogre, a sleepcap and 2 orcs.

Vanquished Creatures
  A hornet (D:5)
  Prince Ribbit (D:7)
  A steam dragon (D:6)
  Menkaure (D:7)
  A water moccasin (D:5)
  Duvessa (D:4)
  An ice beast (D:5)
  5 ogres
  A centaur (D:5)
  2 scorpions (D:5)
  Dowan (D:4)
  4 wights
  4 jellies
  2 hounds (D:5)
  A sleepcap (D:5)
  Natasha (twice) (D:4 D:3)
  4 iguanas
  5 orc wizards
  7 gnolls
  9 adders
  An ufetubus (D:7)
  An adder zombie (D:2)
  2 worms
  3 dart slugs
  19 orcs
  8 endoplasms
  4 giant cockroaches
  3 goblins
  11 hobgoblins
  6 jackals
  8 kobolds
  6 quokkas
  5 ball pythons
  2 ball python skeletons (D:2)
  2 bats
  12 frilled lizards
  7 rats
154 creatures vanquished.

Notes
Turn   | Place    | Note
-------+----------+-------------------------------------------
     0 | D:5      | GordonOverkill the Tengu Delver began the quest for the
                  | Orb.
     0 | D:5      | Reached XP level 1. HP: 14/14 MP: 2/2
    29 | D:7      | Noticed Prince Ribbit
    38 | D:8      | Noticed a howler monkey
    38 | D:8      | Noticed a steam dragon
   105 | D:5      | Noticed an iguana
   105 | D:5      | Noticed an ice beast
   105 | D:5      | Noticed a hound
   106 | D:5      | Noticed an ogre
   112 | D:5      | Noticed a hornet
   119 | D:5      | Noticed a hound
   143 | D:4      | Noticed an ogre
   220 | D:3      | Reached XP level 2. HP: 8/19 MP: 3/3
   614 | D:1      | Reached XP level 3. HP: 23/23 MP: 4/4
  1172 | D:2      | Reached XP level 4. HP: 21/28 MP: 5/5
  1267 | D:2      | Reached skill level 1 in Maces & Flails
  1555 | D:2      | Reached skill level 2 in Maces & Flails
  1601 | D:2      | Reached XP level 5. HP: 33/33 MP: 6/6
  1868 | D:2      | Reached skill level 3 in Maces & Flails
  2457 | D:3      | Found an opulent altar of Gozag.
  2738 | D:3      | Became a worshipper of Gozag Ym Sagoz the Greedy
  2806 | D:4      | Reached skill level 4 in Maces & Flails
  2806 | D:4      | Reached XP level 6. HP: 32/38 MP: 7/7
  2816 | D:4      | Reached skill level 5 in Maces & Flails
  2987 | D:4      | Noticed Natasha
  2993 | D:4      | Killed Natasha
  3169 | D:4      | Reached skill level 6 in Maces & Flails
  3169 | D:4      | Gained mutation: Your magical flight helps you evade
                  | attacks. (EV +4) [Tengu growth]
  3169 | D:4      | Reached XP level 7. HP: 43/43 MP: 8/8
  3208 | D:4      | Reached skill level 7 in Maces & Flails
  3230 | D:4      | Noticed Natasha
  3326 | D:3      | Killed Natasha
  3441 | D:4      | Noticed Duvessa
  3442 | D:4      | Noticed Dowan
  3453 | D:4      | Killed Duvessa
  3457 | D:4      | Killed Dowan
  3458 | D:4      | Reached skill level 8 in Maces & Flails
  3771 | D:5      | Reached XP level 8. HP: 36/48 MP: 9/9
  3835 | D:5      | Paralysed by a hornet for 1 turns
  3838 | D:5      | Killed a hornet
  3839 | D:5      | Reached skill level 9 in Maces & Flails
  4018 | D:5      | Reached skill level 10 in Maces & Flails
  4352 | D:5      | Reached skill level 11 in Maces & Flails
  4450 | D:5      | Reached XP level 9. HP: 52/52 MP: 10/10
  5023 | D:6      | Found a glowing golden altar of the Shining One.
  5117 | D:6      | Reached skill level 12 in Maces & Flails
  5658 | D:6      | Reached skill level 5 in Fighting
  6122 | D:7      | Killed Prince Ribbit
  6214 | D:7      | Noticed Menkaure
  6218 | D:7      | Killed Menkaure
  6528 | D:7      | Annihilated by an ogre

Illustrated notes

Levels and vault maps discovered:
D:1:      minmay_arrival_open_corners, layout_basic
D:2:      minmay_general_purpose_star, layout_basic, serial_undead,
          serial_undead_a, serial_undead_b, serial_undead_e, serial_undead_c,
          serial_undead_e, serial_undead_b, minmay_split_cup_small
D:3:      layout_loops_corners, grunt_gozag_statues
D:4:      layout_basic, uniq_natasha, uniq_duvessa
D:5:      layout_basic, minivault_11
D:6:      layout_basic, mainiacjoe_overflow_six_doors_small, minmay_lizard_king
D:7:      layout_basic, minmay_temple_entry_proselytizer,
          minmay_misc_feat_pillars, kennysheep_decorative_pillar,
          minmay_misc_feat_room, uniq_pikel, uniq_menkaure, uniq_prince_ribbit1
D:8:      layout_rooms, enter_ossuary_3, kennysheep_generic_room_9, uniq_psyche

Skill      XL: |  1  2  3  4  5  6  7  8  9 |
---------------+----------------------------+-----
Short Blades   | 3 4 |  4.0
Fighting       | 4 6 |  6.2
Maces & Flails | 2 4 6 8 11 12 | 12.0
Dodging        | |  2.1
Stealth        | |  5.0

Action                     |  1- 3 |  4- 6 |  7- 9 || total
---------------------------+-------+-------+-------++-------
  Melee: Short sword       |    69 |   121 |    14 ||   204
         Kick              |    18 |    34 |    51 ||   103
         Peck              |    10 |    23 |    27 ||    60
         Morningstar       |       |    13 |   143 ||   156
         Punch             |       |     2 |     3 ||     5
  Throw: Dart              |       |     5 |    21 ||    26
  Evoke: Wand              |     1 |       |       ||     1
    Use: Scroll            |     5 |       |     3 ||     8
         Potion            |     1 |       |     1 ||     2
   Stab: Sleeping          |     3 |     6 |       ||     9
         Distracted        |       |       |     1 ||     1
 Armour: Leather armour    |     7 |       |       ||     7
         Ring mail         |    22 |    36 |       ||    58
         Chain mail        |       |     1 |    98 ||    99
  Dodge: Dodged            |    67 |    65 |   100 ||   232

Table legend: (Time is in decaauts)
 A = Elapsed time spent in this place.
 B = Non-inter-level travel time spent in this place.
 C = Inter-level travel time spent in this place.
 D = Time resting spent in this place.
 E = Time spent auto-exploring this place.
 F = Levels seen in this place.
 G = Mean time per level.
                   A        B        C        D        E       F      G
               +--------+--------+--------+--------+--------+-----+--------+
         Total |   6474 |   6072 |    402 |   1141 |   3521 |   8 |  809.2 |
       Dungeon |   6474 |   6072 |    402 |   1141 |   3521 |   8 |  809.2 |
               +--------+--------+--------+--------+--------+-----+--------+

Top non-repeatable levels by time:
     D:3: 1124 daAuts
     D:4: 1117 daAuts
     D:6: 1116 daAuts
     D:5: 1045 daAuts
     D:2: 958 daAuts
     D:1: 627 daAuts
     D:7: 478 daAuts
     D:8: 6 daAuts
